 Dungeon Crawl Stone Soup version 0.22-a0-480-g991dd4b (webtiles) character file.

248 Azzur the Conjurer (level 5, -5/57 HPs)
             Began as a Demonspawn Conjurer on June 15, 2018.
             Slain by a gnoll
             ... wielding a +0 whip
              (11 damage)
             ... on level 3 of the Dungeon.
             The game lasted 00:20:50 (2385 turns).

Azzur the Conjurer (Demonspawn Conjurer)            Turns: 2385, Time: 00:20:50

Health: -5/57      AC:  3    Str: 13    XL:     5   Next: 86%
Magic:  0/9        EV: 12    Int: 18    God:
Gold:   65         SH:  0    Dex: 13    Spells: 6/9 levels left

rFire    . . .     SeeInvis .   g - +0 hunting sling
rCold    . . .     Gourm    .   (no shield)
rNeg     . . .     Faith    .   a - +0 robe
rPois    .         Spirit   .   (helmet restricted)
rElec    .         Reflect  .   (no cloak)
rCorr    .         Harm     .   (no gloves)
MR       .....                  (no boots)
Stlth    ..........             (no amulet)
HPRegen  0.19/turn              (no ring)
MPRegen  0.11/turn              (no ring)

@: berserking, very quick
A: antennae 1, rugged brown scales 1
a: no special abilities


You were on level 3 of the Dungeon.
You were not hungry.

You visited 1 branch of the dungeon, and saw 3 of its levels.

You collected 65 gold pieces.

Inventory:

Hand Weapons
 d - a +0 whip
 f - a +0 spear
 g - a +0 hunting sling (weapon)
Missiles
 h - 6 sling bullets (quivered)
 m - 22 poisoned needles
 o - 7 javelins
Armour
 a - a +0 robe (worn)
Wands
 r - a wand of iceblast (9)
 t - a wand of paralysis (9)
Scrolls
 b - a scroll of magic mapping {unknown}
 e - a scroll of identify {unknown}
 l - a scroll of blinking {unknown}
 n - a scroll of remove curse
 q - a scroll of noise {unknown}
Potions
 i - 2 potions of berserk rage
 j - a potion of ambrosia {unknown}
 k - 2 potions of heal wounds {unknown}
 p - a potion of flight {unknown}
 s - a potion of agility {unknown}
 u - 2 potions of mutation {unknown}
Comestibles
 c - 6 rations


   Skills:
 + Level 1.0 Fighting
 + Level 3.0 Slings
 + Level 2.1 Dodging
 + Level 2.1 Stealth
 + Level 2.6 Spellcasting
 * Level 5.3 Conjurations


You had 6 spell levels left.
You knew the following spells:

 Your Spells              Type           Power        Failure   Level  Hunger
a - Magic Dart            Conj           ###.         1%          1    #......
b - Searing Ray           Conj           ###...       2%          2    ##.....

Your spell library contained the following spells:

 Spells                   Type           Power        Failure   Level  Hunger
 Iskenderun's Mystic Bla  Conj           ###.....     19%         4    #####..
 Fulminant Prism          Conj/Hex       ##........   50%         4    #####..
 Dazzling Spray           Conj/Hex       ##....       17%         3    ###....
 Force Lance              Conj/Tloc      ##......     50%         4    #####..


Dungeon Overview and Level Annotations

Branches:
Dungeon (3/15)

Altars:
Fedhas
Ru

Annotations:
D:3 Darkshadow's ghost, novice HOMo


Innate Abilities, Weirdness & Mutations

You have a pair of small antennae on your head.
You are partially covered in rugged brown scales. (AC +1, +3% HP)


Message History

The gnoll hits you with a whip!
Firing (i - inventory. (/) - cycle)
h - 8 sling bullets (quivered)
Press: ? - help, Shift-Dir - straight line, f/p - gnoll
Aim: a gnoll, wielding a whip (heavily wounded)
You shoot a sling bullet.
The sling bullet hits the gnoll but does no damage.
The gnoll is heavily wounded.
The gnoll hits you but does no damage.
Firing (i - inventory. (/) - cycle)
h - 7 sling bullets (quivered)
Press: ? - help, Shift-Dir - straight line, f/p - gnoll
Aim: a gnoll, wielding a whip (heavily wounded)
You shoot a sling bullet. The sling bullet hits the gnoll.
The gnoll is severely wounded.
The gnoll hits you with a whip!
* * * LOW HITPOINT WARNING * * *
It was a potion of berserk rage.
A red film seems to cover your vision as you go berserk!
You feel yourself moving faster!
You feel mighty! The gnoll hits you with a whip!
You die...

.# # ##. # #.. # #
#.# # .# #.# #
###. #.# # #.. #.#
# #.# #.#
######.#### #@#
.....(....######g#
...)...##....g..g#
##################
### #.#....
#.#.#.# ..#
#.#.#.# ...#
#.#.#.#....#


You could see 2 gnolls.

Vanquished Creatures
  A centaur (D:3)
  A jelly (D:3)
  An orc wizard (D:2)
  A gnoll (D:3)
  4 adders
  3 leopard geckos (D:2)
  2 ball pythons (D:2)
  3 giant cockroaches
  4 goblins (D:1)
  13 hobgoblins
  6 jackals (D:1)
  4 bats (D:1)
  5 frilled lizards
  6 kobolds
  5 rats
59 creatures vanquished.

Notes
Turn   | Place    | Note
-------+----------+-------------------------------------------
     0 | D:1      | Azzur the Demonspawn Conjurer began the quest for the Orb.
     0 | D:1      | Reached XP level 1. HP: 13/13 MP: 3/3
   168 | D:1      | Gained mutation: You are partially covered in rugged brown scales. (AC +1, +3% HP) [demonic ancestry]
   168 | D:1      | Reached XP level 2. HP: 13/19 MP: 1/5
   410 | D:1      | Reached XP level 3. HP: 24/24 MP: 1/6
   444 | D:1      | Reached skill level 1 in Slings
   454 | D:1      | Learned a level 2 spell: Searing Ray
   905 | D:2      | Found a blossoming altar of Fedhas.
  1241 | D:2      | Found a sacrificial altar of Ru.
  1245 | D:2      | Reached XP level 4. HP: 26/30 MP: 2/7
  1281 | D:2      | Reached skill level 5 in Conjurations
  1640 | D:3      | Noticed a centaur
  1649 | D:3      | Killed a centaur
  1649 | D:3      | Gained mutation: You have a pair of small antennae on your head. [demonic ancestry]
  1649 | D:3      | Reached XP level 5. HP: 16/37 MP: 0/8
  1666 | D:3      | Noticed Darkshadow's ghost (novice HOMo)
  2315 | D:3      | Reached skill level 1 in Fighting
  2385 | D:3      | Slain by a gnoll

Vault maps used:
D:1:      minmay_arrival_cross
D:2:      nicolae_ru_great_annihilating_truth, lemuel_doored_altar, first_ration
D:3:      lightli_temple_of_fire, overflow_temple_1_default,
          minmay_divided_ellipse

Skill      XL: |  1  2  3  4  5 |
---------------+----------------+-----
Slings         | 1 2 3 |  3.0
Dodging        | 2 |  2.1
Conjurations   | 5 |  5.3
Stealth        | 2 |  2.1
Fighting       | 1 |  1.0
Spellcasting   | |  2.6

Action                   |  1- 3 |  4- 6 || total
-------------------------+-------+-------++-------
Melee: Whip              |     7 |       ||     7
 Fire: Hunting sling     |    37 |    22 ||    59
 Cast: Magic Dart        |    47 |    28 ||    75
       Searing Ray       |     6 |     9 ||    15
  Use: Scroll            |       |     3 ||     3
       Potion            |       |     1 ||     1
  Eat: Chunk             |     2 |     2 ||     4
       Ration            |       |     1 ||     1
Armor: Robe              |    12 |     2 ||    14
Dodge: Dodged            |    19 |    18 ||    37

Table legend:
 A = Spawn XP
 B = Non-spawn XP
 C = Spawn XP percentage of total XP
 D = Spawn monster count
 E = Non-spawn monster count
 F = Spawn count percentage of total count
 G = Total turns spent on level
                    A         B        C        D         E        F      G
               +---------+---------+-------+---------+---------+-------+---------
         Total |       0 |     355 |   0.0 |       0 |      59 |   0.0 |  2385
               +---------+---------+-------+---------+---------+-------+---------
           D:1 |       0 |      62 |   0.0 |       0 |      35 |   0.0 |   827
           D:2 |       0 |     107 |   0.0 |       0 |      16 |   0.0 |  1319
           D:3 |       0 |     186 |   0.0 |       0 |       8 |   0.0 |   239
               +---------+---------+-------+---------+---------+-------+---------
